 Dungeon Crawl Stone Soup version 0.27-a0-1442-g87b6fcb595 (webtiles) character file.

Game seed: 5370328481303129082

551 wakim the Insei (level 7, -1/43 HPs)
             Began as an Octopode Transmuter on July 4, 2021.
             Slain by a kobold brigand (4 damage)
             ... on level 4 of the Dungeon.
             The game lasted 00:17:35 (6594 turns).

wakim the Insei (Octopode Transmuter)               Turns: 6594, Time: 00:17:36

Health: -1/43      AC:  1    Str:  9    XL:     7   Next: 29%
Magic:  7/10       EV: 15    Int: 16    God:
Gold:   156        SH:  0    Dex: 14    Spells: 4/10 levels left

rFire    . . .     SeeInvis .     - Unarmed
rCold    . . .     Faith    .   (no shield)
rNeg     . . .     Spirit   .   (helmet restricted)
rPois    .         Reflect  .   (no amulet)
rElec    .         Harm     .   d - ring of resist corrosion
rCorr    +         Rampage  .   (no ring)
Will     .....                  (no ring)
Stlth    +++.......             (no ring)
HPRegen  0.14/turn              (no ring)
MPRegen  0.12/turn              (no ring)
                                (no ring)
                                (no ring)

@: wereblooded
A: almost no armour, amphibious, 8 rings, camouflage 1, gelatinous body 1,
(nimble swimmer 1), tentacles
a: no special abilities


You were on level 4 of the Dungeon.
You visited 1 branch of the dungeon, and saw 5 of its levels.

You collected 156 gold pieces.

Inventory:

Missiles
 h - 21 poisoned darts (quivered)
 l - 4 curare-tipped darts {=f}
Jewellery
 d - a ring of resist corrosion (left tentacle)
Wands
 x - a wand of iceblast (13)
Scrolls
 T - 3 scrolls of teleportation
Potions
 e - a potion of heal wounds {unknown}
 j - a potion of lignification {unknown}
 m - a potion of degeneration {unknown}
 C - a potion of berserk rage {!q}
 F - a potion of curing
 H - a potion of haste


   Skills:
 - Level 1.0 Fighting
 + Level 4.7 Dodging
 - Level 3.0 Stealth
 + Level 5.0 Unarmed Combat
 - Level 2.0 Spellcasting
 - Level 4.0 Transmutations
 - Level 2.0 Poison Magic


You had 4 spell levels left.
You knew the following spells:

 Your Spells              Type           Power      Damage    Failure   Level
a - Beastly Appendage     Tmut           28%        N/A       4%          1
b - Wereblood             Tmut           14%        N/A       6%          2
x - Spider Form           Tmut/Pois      5%         N/A       19%         3

Your spell library contained the following spells:

 Spells                   Type           Power      Damage    Failure   Level
 Apportation              Tloc           2%         N/A       21%         1
 Ice Form                 Ice/Tmut       8%         N/A       65%         4
 Fulminant Prism          Conj/Hex       0%         3d6       90%         4
 Iskenderun's Mystic Bla  Conj/Tloc      1%         2d3       90%         4
 Alistair's Intoxication  Tmut/Pois      7%         N/A       86%         5
 Lee's Rapid Deconstruct  Erth           0%         3d5*      99%         5
 Invisibility             Hex            0%         N/A       100%        6


Dungeon Overview and Level Annotations

Branches:
Dungeon (5/15)
 Temple: D:4-7

Altars:

Shops:
D:3 :


Innate Abilities, Weirdness & Mutations

You cannot wear most types of armour.
You are amphibious.
You can wear up to eight rings at the same time.
Your skin changes colour to match your surroundings (Stealth+).
Your rubbery body absorbs attacks. (AC +1, EV +1)
((You are camouflaged near water. (Stealth+)))
You have tentacles for arms and can constrict up to eight enemies at once.


Message History

You feel sick.
The kobold brigand hits you with a +0 dagger.
* * * LOW HITPOINT WARNING * * *
Okay, then.
Unknown command.
Casting: Spider Form (quite dangerous; 38% risk of failure)
Confirm with . or Enter, or press ? or * to list all spells.
Your blood is infused with primal strength.
You feel sick. The kobold completely misses you.
You hit the kobold but do no damage.
The kobold is poisoned.
Your transformation has ended.
You feel sick. The kobold closely misses you.
You tentacle-slap the kobold.
You feel a bit better.
You kill the kobold!
You feel sick.
The kobold brigand hits you with a +0 dagger!
* * * LOW HITPOINT WARNING * * *
The kobold hits you with a +0 whip.
* * * LOW HITPOINT WARNING * * *
The kobold misses you.
You feel better. The kobold misses you. The kobold brigand closely misses you.
The kobold barely misses you. The kobold hits you with a +0 whip.
* * * LOW HITPOINT WARNING * * *
There is a stone staircase leading up here.
You tentacle-slap the kobold.
You feel a bit better.
You kill the kobold!
The kobold brigand closely misses you. The kobold completely misses you.
You closely miss the kobold. Your grab misses the kobold.
The kobold brigand hits you with a +0 dagger.
* * * LOW HITPOINT WARNING * * *
The kobold closely misses you. The kobold hits you with a +0 whip.
* * * LOW HITPOINT WARNING * * *
You howl as the wereblood boils in your veins!
The kobold brigand closely misses you. The kobold closely misses you.
The kobold hits you with a +0 whip.
* * * LOW HITPOINT WARNING * * *
You climb upwards.
There is a stone staircase leading down here.
The kobold brigand hits you with a +0 dagger.
You die...

### ##.##..## #.#
#.##..###### # #.##
#...### #... # ####..#
#...# ##.## #
###....## ##.## #.## #
##......# ##..####.#
## ##.##..K.#
##.......## .##
##.####K>####.#####..#
.<## ##)## ##@K##.##
####### ##.## ##.##
#.....# #.....
#..###..## ##...##
##..### ##.......##
#....######..##
####.......##
#............#
......#####.##
#.....##....##
###....## #..#
#...######...#
##....###..# #.###
#...## #.........#
#### ##.#..##


You could see a kobold brigand (very poisoned) and 2 kobolds.

Vanquished Creatures
  A necrophage (D:2)
  A bullfrog (D:4)
  A gnoll sergeant (D:3)
  A scorpion (D:4)
  Crazy Yiuf (D:3)
  An orc wizard (D:4)
  A hound skeleton (D:4)
  9 gnolls
  3 adders
  3 adder skeletons (D:4)
  3 worms (D:2)
  4 orcs
  5 bats
  7 endoplasms
  4 giant cockroaches
  6 goblins
  6 hobgoblins
  9 jackals
  8 quokkas
  4 ball pythons
  A frilled lizard (D:1)
  9 kobolds
  5 rats
93 creatures vanquished.

Notes
Turn   | Place    | Note
-------+----------+-------------------------------------------
     0 | D:1      | wakim the Octopode Transmuter began the quest for the Orb.
     0 | D:1      | Reached XP level 1. HP: 13/13 MP: 3/3
    58 | D:1      | Reached XP level 2. HP: 18/18 MP: 3/5
    85 | D:1      | Found a faded altar of an unknown god.
   110 | D:1      | Learned a level 2 spell: Wereblood
   322 | D:1      | Reached skill level 1 in Stealth
   683 | D:1      | Reached XP level 3. HP: 18/23 MP: 4/6
  1213 | D:1      | Learned a level 3 spell: Spider Form
  1631 | D:2      | Reached XP level 4. HP: 28/28 MP: 1/7
  1999 | D:2      | Noticed a necrophage
  2010 | D:2      | Killed a necrophage
  2011 | D:2      | Reached skill level 4 in Unarmed Combat
  2011 | D:2      | Reached XP level 5. HP: 22/33 MP: 5/8
  3154 | D:3      | Found Ixkung's Book Shop.
  3352 | D:3      | Found a runed translucent door.
  3353 | D:3      | Noticed Crazy Yiuf
  3493 | D:3      | Killed Crazy Yiuf
  3494 | D:3      | Reached XP level 6. HP: 38/38 MP: 5/9
  5421 | D:4      | Reached skill level 1 in Poison Magic
  5421 | D:4      | Reached XP level 7. HP: 43/43 MP: 6/10
  5454 | D:4      | You fall into a shaft and drop 1 floor!
  5454 | D:5      | Entered Level 5 of the Dungeon
  6361 | D:4      | Reached skill level 5 in Unarmed Combat
  6592 | D:5      | HP: 2/43 [kobold (4)]
  6594 | D:4      | Slain by a kobold brigand

Illustrated notes

Levels and vault maps discovered:
D:1:      dpeg_arrival_ternary, layout_basic, chequers_ecumenical_altar_island
D:2:      layout_loops_corners
D:3:      layout_rooms, serial_shops, shop, grunt_ministairs_13,
          uniq_crazy_yiuf_cottage
D:4:      layout_layer_cave
D:5:      layout_layer_cave, minmay_temple_entry_waves

Skill      XL: |  1  2  3  4  5  6  7 |
---------------+----------------------+-----
Stealth        | 1 2 3 |  3.0
Transmutations | 3 4 |  4.0
Dodging        | 3 4 |  4.7
Unarmed Combat | 4 5 |  5.0
Poison Magic   | 1 2 |  2.0
Fighting       | |  1.0
Spellcasting   | |  2.0

Action                   |  1- 3 |  4- 6 |  7- 9 || total
-------------------------+-------+-------+-------++-------
Melee: Unarmed           |    74 |   127 |    34 ||   235
       Constrict         |    17 |    21 |     4 ||    42
       Kick              |    17 |    15 |     7 ||    39
       Tentacles         |     9 |    14 |     3 ||    26
       Punch             |     1 |     2 |       ||     3
Throw: Dart              |       |       |     3 ||     3
 Cast: Beastly Appendage |    16 |    15 |     3 ||    34
       Wereblood         |     7 |     8 |     3 ||    18
       Spider Form       |     2 |     8 |     2 ||    12
  Use: Scroll            |       |       |     7 ||     7
       Potion            |       |       |     1 ||     1
 Stab: Sleeping          |     6 |     9 |     1 ||    16
Armor: Skin              |    10 |     1 |       ||    11
Dodge: Dodged            |    42 |    84 |    25 ||   151

Table legend: (Time is in decaauts)
 A = Elapsed time spent in this place.
 B = Non-inter-level travel time spent in this place.
 C = Inter-level travel time spent in this place.
 D = Time resting spent in this place.
 E = Time spent auto-exploring this place.
 F = Levels seen in this place.
 G = Mean time per level.
                   A        B        C        D        E       F      G
               +--------+--------+--------+--------+--------+-----+--------+
         Total |   6585 |   6406 |    179 |   1050 |   4090 |   5 | 1317.0 |
       Dungeon |   6585 |   6406 |    179 |   1050 |   4090 |   5 | 1317.0 |
               +--------+--------+--------+--------+--------+-----+--------+

Top non-repeatable levels by time:
     D:3: 2032 daAuts
     D:4: 1715 daAuts
     D:2: 1536 daAuts
     D:1: 1272 daAuts
     D:5: 28 daAuts
